 Dungeon Crawl Stone Soup version 0.31-a0-1-g4198be8af4 (webtiles) character file.

Game seed: 9309295459977089323

26 ytrimaz the Insei (level 3, 26/27 HPs)
             Began as a Djinni Transmuter on May 2, 2023.
             Quit the game on level 1 of the Dungeon.
             The game lasted 00:00:41 (645 turns).

ytrimaz the Insei (Djinni Transmuter)                Turns: 645, Time: 00:00:41

Health: 26/27      AC:  2    Str:  9    XL:     3   Next: 22%
Gold:   48         EV: 12    Int: 16    God:
                   SH:  0    Dex: 13

rFire   + +          .
                       - Unarmed
rCold   x . .        (no shield)
rNeg    . . .        a - +0 robe
rPois   ∞            (helmet currently unavailable)
rElec   .            (no cloak)
rCorr   .            (no gloves)
SInv    .            (boots unavailable)
Will    .....        (no amulet)
Stlth   +            (no ring)
HPRegen 0.24/turn    (no ring)
MPRegen 0.00/turn

%: no passive effects
@: appendages (expiring), flying
A: horns 2, flying, sickness immunity, fire resistance 2, cold vulnerability 1,
float, innate caster, HP casting, extra vitality 1
a: End Transformation


You were on level 1 of the Dungeon.
You had temporarily grown beastly horns.
You visited 1 branch of the dungeon, and saw 1 of its levels.

You collected 48 gold pieces.


Innate Abilities, Weirdness & Mutations

You have temporarily grown beastly horns.
You are flying.
You are immune to sickness and miasma.
You are immune to poison.
Your flesh is very heat resistant. (rF++)
You are vulnerable to cold. (rC-)
You float through the air rather than walking.
You learn spells naturally, not from books.
Your magical power is your life essence.
You have superior vitality. (+4 MHP)


   Skills:
 + Level 1.6 Fighting
 + Level 2.6 Dodging
 + Level 3.3 Unarmed Combat
 + Level 1.9 Spellcasting


You knew the following spells:

 Your Spells              Type           Power      Damage    Failure   Level
a - Beastly Appendage     Tmut           14%        N/A       10%         1
b - Wereblood             Tmut           7%         N/A       14%         2
c - Spider Form           Tmut/Pois      7%         N/A       28%         3
d - Ice Form              Ice/Tmut       7%         N/A       67%         4
e - Apportation           Tloc           14%        N/A       10%         1
Your spell library was empty.

Inventory:

Armour
 a - a +0 robe (worn)
Jewellery
 f - a ring of protection from cold
   (You found it on level 1 of the Dungeon)
Scrolls
 d - 2 scrolls of identify {unknown}
Potions
 b - a potion of lignification
 c - a potion of mutation {unknown}
 e - a potion of ambrosia {unknown}

Dungeon Overview and Level Annotations

Branches:
Dungeon (1/15) Zot: 5357

Altars:

...##.# #......##+#....# #.##..
...##.# #......##.#....# #.##..
..)##.# #......##.#....# #.##..
..)##.####......##......# #.....
......#........####.##### ###..#
....###........####...########.##
......)..........................
...###################†#######...
.......#######..@B...#.....# #.#.
###..........#.#####.#####.# #.#.
..'..........'.# #.##
###..........### #.##
#..........# ###+###.#.
#..........# #.......##
#.#..####### +.......## #.#..#
#... #.......## #.#### #...#
#.......#.


You could see a giant cockroach.


Message History

Your hp is fully restored (27).
You reach down and open the door.
There is an open door here.
You reach down and open the door.
Key pressed, stopping explore.
There is an open door here.
A bat comes into view.
A bat is nearby!
A bat is nearby!
A bat is nearby!
A bat is nearby!
A bat is nearby!
You grow a pair of large bovine horns. 😕 HP[-1]
You take 1 damage, and now have 26/27 hp.
The bat barely misses you.
Unknown command.
Your transformation is almost over.
The bat hits you but does no damage.
You hit the bat.
You kill the bat! 😎 HP[+1]
Your hp is fully restored (27).
Unknown command.
No target in view!
You see here a bat corpse.
Key pressed, stopping explore.
No target in view!
f - a ring of protection from cold Your horns disappear.
You see here a bat corpse.
You reach down and open the door.
There is an open door here.
d - 2 scrolls labelled FUD DAINGOGHEIWK (gained 1) Key pressed, stopping explore.
Unknown command.
A bat and a hobgoblin come into view.
The hobgoblin shouts!
Unknown command.
The bat misses you.
You grow a pair of large bovine horns.
The bat barely misses you. The bat closely misses you.
The bat barely misses you.
Unknown command.
You miss the bat. The bat barely misses you.
You closely miss the bat. The bat misses you. The bat closely misses you.
You hit the bat.
You kill the bat!
Unknown command.
The hobgoblin hits you. 😕 HP[-4]
You take 4 damage, and now have 23/27 hp.
You barely miss the hobgoblin.
You headbutt the hobgoblin, but do no damage.
The hobgoblin misses you.
You hit the hobgoblin. You headbutt the hobgoblin.
You kill the hobgoblin!
Your transformation is almost over. 😕 HP[+1] No target in view!
Your horns disappear.
You reach down and open the door.
There is an open door here.
Key pressed, stopping explore.
You now have 48 gold pieces (gained 12).
Key pressed, stopping explore.
Key pressed, stopping explore.
You reach down and open the door.
There is an open door here.
A giant cockroach comes into view. 😎 HP[+3]
Your hp is fully restored (27).
A giant cockroach is nearby!
A giant cockroach is nearby!
A giant cockroach is nearby!
You grow a pair of large bovine horns. 😕 HP[-1]
You take 1 damage, and now have 26/27 hp.
The giant cockroach bites you but does no damage. 😎 HP[+1]
Your hp is fully restored (27).
You hit the giant cockroach but do no damage.
You headbutt the giant cockroach. The giant cockroach barely misses you.
The giant cockroach bites you but does no damage.
Unknown command.
You barely miss the giant cockroach. The giant cockroach bites you. 😕 HP[-1]
You take 1 damage, and now have 26/27 hp.
You hit the giant cockroach but do no damage.
The giant cockroach bites you but does no damage.
You hit the giant cockroach but do no damage.
Your transformation is almost over.
The giant cockroach bites you. 😕 HP[-1]
You take 1 damage, and now have 25/27 hp.
You barely miss the giant cockroach.
The giant cockroach misses you. 😕 HP[+1]
A giant cockroach is nearby!
A giant cockroach is nearby!
A giant cockroach is nearby!
Are you sure you want to abandon this character and quit the game? (Confirm with "yes".)

Action                     || total
---------------------------++-------
  Melee: Unarmed           ||    38
         Punch             ||     1
         Headbutt          ||     4
   Cast: Beastly Appendage ||     8
 Armour: Robe              ||     5
  Dodge: Dodged            ||    21

Levels and vault maps discovered:
D:1:      psy_arrival_radial01, layout_basic

Notes
Turn   | Place    | Note
-------+----------+-------------------------------------------
     0 | D:1      | ytrimaz the Djinni Transmuter began the quest for the Orb.
     0 | D:1      | ytrimaz set off with the following spells memorised:
                  | Beastly Appendage, Wereblood, Spider Form, Ice Form.
     0 | D:1      | Reached XP level 1. HP: 17/17 MP: 0/0
     0 | D:1      | magus.rc [v1.9.6]
   182 | D:1      | Reached XP level 2. HP: 12/22 MP: 0/0
   303 | D:1      | Reached XP level 3. HP: 21/27 MP: 0/0
   303 | D:1      | Learned a level 1 spell: Apportation
   645 | D:1      | Quit the game

Vanquished Creatures
  A gnoll (D:1)
  A dart slug (D:1)
  4 endoplasms (D:1)
  3 goblins (D:1)
  A hobgoblin (D:1)
  3 bats (D:1)
13 creatures vanquished.

Table legend:
 A = Non-vault XP
 B = Vault XP
 C = Vault XP percentage of total XP
 D = Non-vault monster count
 E = Vault monster count
 F = Vault count percentage of total count
                 A         B        C        D         E       F
            +---------+---------+-------+---------+---------+-------
      Total |      38 |       0 |   0.0 |      13 |       0 |   0.0
            +---------+---------+-------+---------+---------+-------
        D:1 |      38 |       0 |   0.0 |      13 |       0 |   0.0
            +---------+---------+-------+---------+---------+-------

Action                     || total
---------------------------++-------
  Melee: Unarmed           ||    38
         Punch             ||     1
         Headbutt          ||     4
   Cast: Beastly Appendage ||     8
 Armour: Robe              ||     5
  Dodge: Dodged            ||    21

Illustrated notes

Table legend:
 A = Kills in this place as a percentage of kills in the entire game.
 B = Kills by you in this place as a percentage of kills by you in the entire game.
 C = Kills by friends in this place as a percentage of kills by friends in the entire game.
 D = Other kills in this place as a percentage of other kills in the entire game.
 E = Experience gained in this place as a percentage of experience gained in the entire game.
 F = Experience gained in this place divided by the number of levels of this place that you have seen.
                   A       B       C       D       E      F
               +-------+-------+-------+-------+-------+----------------------
         Total | 100.0 | 100.0 |   N/A |   N/A | 100.0 |  38.0
       Dungeon | 100.0 | 100.0 |   N/A |   N/A | 100.0 |  38.0
               +-------+-------+-------+-------+-------+----------------------

Table legend: (Time is in decaauts)
 A = Elapsed time spent in this place.
 B = Non-inter-level travel time spent in this place.
 C = Inter-level travel time spent in this place.
 D = Time resting spent in this place.
 E = Time spent auto-exploring this place.
 F = Levels seen in this place.
 G = Mean time per level.
                   A        B        C        D        E       F      G
               +--------+--------+--------+--------+--------+-----+--------+
         Total |    642 |    642 |      0 |      0 |    547 |   1 |  642.0 |
       Dungeon |    642 |    642 |      0 |      0 |    547 |   1 |  642.0 |
               +--------+--------+--------+--------+--------+-----+--------+

Top non-repeatable levels by time:
     D:1: 642 daAuts
